 Dungeon Crawl Stone Soup version 0.26.1-2-gb8aa6d0cf2 (webtiles) character file.

Game seed: 925845003857799516

18 dohliylev the Grave Robber (level 2, 0/19 HPs)
             Began as a Mummy Necromancer on Mar 5, 2021.
             Slain by a gnoll
             ... wielding a +0 spear
              (2 damage)
             ... on level 2 of the Dungeon.
             The game lasted 00:03:14 (994 turns).

dohliylev the Grave Robber (Mummy Necromancer)       Turns: 994, Time: 00:03:14

Health: 0/19       AC:  2    Str: 11    XL:     2   Next: 48%
Magic:  1/6        EV: 12    Int: 14    God:
Gold:   61         SH:  0    Dex: 12    Spells: 5/7 levels left

rFire    x . .     SeeInvis .   (no weapon)
rCold    + . .     Faith    .   (no shield)
rNeg     + + +     Spirit   .   a - +0 robe
rPois    ∞         Reflect  .   (no helmet)
rElec    .         Harm     .   (no cloak)
rCorr    .         Rampage  .   (no gloves)
Will     .....                  (no boots)
Stlth    ++........             (no amulet)
HPRegen  0.06/turn              (no ring)
MPRegen  0.10/turn              (no ring)

@: no status effects
A: no potions, fire vulnerability, cold resistance 1, negative energy resistance
3, torment resistance, unbreathing
a: no special abilities


You were on level 2 of the Dungeon.
You visited 1 branch of the dungeon, and saw 2 of its levels.

You collected 61 gold pieces.

Inventory:

Armour
 a - a +0 robe (worn)
Jewellery
 e - an uncursed amulet of reflection {unknown}
Scrolls
 b - a scroll of noise {unknown}
 c - a scroll of magic mapping {unknown}
 d - a scroll of identify {unknown}


   Skills:
 + Level 1.7 Dodging
 - Level 1.5 Stealth
 + Level 3.0 Spellcasting
 + Level 4.5 Necromancy


You had 5 spell levels left.
You knew the following spells:

 Your Spells              Type           Power        Failure   Level
a - Pain                  Necr           56%          3%          1
b - Animate Skeleton      Necr           28%          3%          1

Your spell library contained the following spells:

 Spells                   Type           Power        Failure   Level
 Vampiric Draining        Necr           7%           10%         3
 Animate Dead             Necr           7%           32%         4
 Agony                    Necr           14%          67%         5


Dungeon Overview and Level Annotations

Branches:
Dungeon (2/15)

Altars:


Innate Abilities, Weirdness & Mutations

You do not drink.
Your flesh is vulnerable to fire.
You are immune to poison.
Your flesh is cold resistant. (rC+)
You are immune to negative energy. (rN+++)
You are immune to unholy pain and torment.
You can survive without breathing.


Message History

The bat barely misses you.
Casting: Pain (safe; 3% risk of failure)
Confirm with . or Enter, or press ? or * to list all spells.
Aiming: Pain (safe; 3% risk of failure)
Press: ? - help, Shift-Dir - straight line, f/p - gnoll
Aim: a gnoll, wielding a +0 spear (severely wounded, chance to affect: 79%)
The bat barely resists.
The bat barely misses you.
Casting: Pain (safe; 3% risk of failure)
Confirm with . or Enter, or press ? or * to list all spells.
Aiming: Pain (safe; 3% risk of failure)
Press: ? - help, Shift-Dir - straight line, f/p - gnoll
Aim: a gnoll, wielding a +0 spear (severely wounded, chance to affect: 79%)
The bat writhes in agony.
You kill the bat!
Your Spellcasting skill increases to level 3!
The gnoll barely misses you.
A goblin comes into view.
The hobgoblin barely misses you.
The gnoll hits you from afar with a +0 spear.
You die...

##.w.........
#.gg.........
#..........#.
######w.........#.
#.g.gr..........#.
#g####..........##
#.gg...........###
#..##########.## #
#@.# #.# # #..#
#..# ##.# .# .# .g
##


You could see 3 gnolls, a hobgoblin and a goblin (asleep).

Vanquished Creatures
  A leopard gecko (D:1)
  A giant cockroach (D:2)
  4 hobgoblins (D:1)
  5 bats
  2 frilled lizards
  2 kobolds (D:1)
  3 rats (D:1)
18 creatures vanquished.

Notes
Turn   | Place    | Note
-------+----------+-------------------------------------------
     0 | D:1      | dohliylev the Mummy Necromancer began the quest for the
                  | Orb.
     0 | D:1      | Reached XP level 1. HP: 13/13 MP: 4/4
   400 | D:1      | Reached XP level 2. HP: 19/19 MP: 2/5
   402 | D:1      | Learned a level 1 spell: Animate Skeleton
   994 | D:2      | Slain by a gnoll

Illustrated notes

Levels and vault maps discovered:
D:1:      amcnicky_arrival_blooded_trapdoor, layout_basic,
          corexii_hall_statues_i
D:2:      layout_rooms, chequers_jeans

Skill      XL: |  1  2 |
---------------+-------+-----
Spellcasting   | 3 |  3.0
Dodging        | |  1.7
Stealth        | |  1.5
Necromancy     | |  4.5

Action                   || total
-------------------------++-------
Melee: Unarmed           ||     1
 Cast: Pain              ||    33
       Animate Skeleton  ||     4
Armor: Robe              ||     5
Dodge: Dodged            ||    17
